 Dungeon Crawl Stone Soup version 0.25-b1-23-ge2ad7d536c (webtiles) character file.

Game seed: 5188259401732317343, levelgen mode: deterministic

11 Masnef the Sneak (level 2, 0/13 HPs)
             Began as a Spriggan Enchanter on May 31, 2020.
             Slain by an adder (1 damage)
             ... on level 3 of the Dungeon.
             The game lasted 00:09:05 (1940 turns).

Masnef the Sneak (Spriggan Enchanter)               Turns: 1940, Time: 00:09:05

Health: 0/13       AC:  2    Str:  4    XL:     2   Next: 17%
Magic:  6/6        EV: 18    Int: 16    God:
Gold:   58         SH:  0    Dex: 16    Spells: 3/6 levels left

rFire    x . .     SeeInvis +   c - +3 dagger
rCold    + . .     Gourm    .   (shield restricted)
rNeg     . . .     Faith    .   m - +0 robe (curse)
rPois    .         Spirit   .   (helmet restricted)
rElec    .         Reflect  .   (no cloak)
rCorr    .         Harm     .   (gloves unavailable)
MR       .....                  (boots unavailable)
Stlth    +++.......             (no amulet)
HPRegen  0.04/turn              j - ring of ice
MPRegen  0.10/turn              (no ring)

@: lethally poisoned (0 -> -4), very quick
A: very small, unfitting armour, see invisible, herbivore, speed 3, slow
metabolism 2
a: no special abilities


You were on level 3 of the Dungeon.
You were not hungry.

You visited 1 branch of the dungeon, and saw 5 of its levels.

You collected 58 gold pieces.

Inventory:

Hand Weapons
 a - a +1 dagger
 c - a +3 dagger (weapon)
Armour
 b - a +0 robe
 m - a cursed +0 robe (worn)
Jewellery
 j - a ring of ice (left hand)
Wands
 l - a wand of paralysis (7)
Scrolls
 e - a scroll of teleportation {unknown}
 f - a scroll of magic mapping {unknown}
 g - 2 scrolls of remove curse
 h - 3 scrolls of identify
 k - a scroll of noise {unknown}
 n - 2 scrolls of amnesia
Potions
 i - a potion of flight
 o - 2 potions of curing {unknown}
Comestibles
 d - 5 rations


   Skills:
 - Level 1.1 Short Blades
 - Level 3.0 Dodging
 + Level 5.6 Stealth
 - Level 2.6 Spellcasting
 - Level 3.6 Hexes


You had 3 spell levels left.
You knew the following spells:

 Your Spells              Type           Power        Failure   Level  Hunger
a - Corona                Hex            ##.....      4%          1    #......
b - Ensorcelled Hibernat  Hex/Ice        ##....       14%         2    ##.....

Your spell library contained the following spells:

 Spells                   Type           Power        Failure   Level  Hunger
 Confusing Touch          Hex            ##......     13%         3    ###....
 Tukima's Dance           Hex            ##......     13%         3    ###....
 Dazzling Flash           Conj/Hex       #.....       28%         3    ###....


Dungeon Overview and Level Annotations

Branches:
Dungeon (5/15)
 Temple: D:4-7

Altars:
Makhleb
Nemelex Xobeh
Okawaru
Qazlal
Ru


Innate Abilities, Weirdness & Mutations

You are very small and have problems with some larger weapons.
You are too small for most types of armour.
You have supernaturally acute eyesight. (SInv)
You are a herbivore.
You cover ground extremely quickly.
You need to consume almost no food.


Message History

You feel sick.
A giant cockroach comes into view.
You feel sick.
A bat comes into view.
A quokka comes into view.
You feel sick.
You miss the quokka. The quokka bites you. The adder completely misses you.
You barely miss the quokka. The quokka bites you.
* * * LOW HITPOINT WARNING * * *
The adder barely misses you.
You hit the quokka.
The quokka is heavily wounded.
* * * LOW HITPOINT WARNING * * *
You feel sick. The adder misses you. The quokka completely misses you.
The adder bites you but does no damage.
You hit the quokka.
You kill the quokka!
The giant cockroach bites you but does no damage.
The adder bites you.
You die...

####...+ # #...# .#
#...# ..## #...# #..#
#...##### #.#
##.....b. #.# #.....#
##.# #†#
...####♣♣♣♣♣♣♣♣#@##
#.....♣≈≈P♣♣≈≈≈≈Ss##
.#...≈♣≈P≈≈≈≈≈P≈≈..#
..#♣≈♣≈P≈≈≈≈≈.≈....#
#..♣≈≈≈............#
...................#
#........≈...≈≈.≈≈≈♣
##...♣≈≈≈≈≈♣≈≈≈P≈P≈≈≈♣
####≈≈≈P≈≈≈≈≈≈≈P≈P≈≈P♣


You could see an adder, a giant cockroach and a bat (asleep).

Vanquished Creatures
  4 bats
  A giant cockroach (D:1)
  2 goblins
  A hobgoblin (D:3)
  A quokka (D:3)
  A frilled lizard (D:3)
10 creatures vanquished.

Notes
Turn   | Place    | Note
-------+----------+-------------------------------------------
     0 | D:1      | Masnef the Spriggan Enchanter began the quest for the Orb.
     0 | D:1      | Reached XP level 1. HP: 9/9 MP: 5/5
   780 | D:2      | Found a sparkling altar of Nemelex Xobeh.
   797 | D:2      | Found a faded altar of an unknown god.
  1018 | D:4      | Noticed a worker ant
  1025 | D:3      | Found an iron altar of Okawaru.
  1025 | D:3      | Found a stormy altar of Qazlal.
  1028 | D:3      | Found a burning altar of Makhleb.
  1041 | D:4      | Noticed an iguana
  1149 | D:4      | Noticed an iguana
  1149 | D:4      | Noticed an orc wizard
  1168 | D:5      | Entered Level 5 of the Dungeon
  1211 | D:4      | Noticed a worker ant
  1215 | D:5      | Noticed an iguana
  1352 | D:3      | Reached skill level 5 in Stealth
  1359 | D:3      | Found a sacrificial altar of Ru.
  1862 | D:3      | Reached XP level 2. HP: 13/13 MP: 6/6
  1870 | D:3      | Learned a level 2 spell: Ensorcelled Hibernation
  1940 | D:3      | Slain by an adder

Illustrated notes

Levels and vault maps discovered:
D:1:      nzn_arrival_crosshair, layout_loops_ring, minmay_misc_feat_alley
D:2:      layout_rooms, overflow_temple_1_default,
          chequers_ecumenical_altar_simple
D:3:      layout_rooms, led_xom_imps, lemuel_doored_altar,
          nicolae_overflow_hidden_temple, serial_bayou, serial_bayou_ford_a,
          serial_bayou_pond_b, serial_bayou_lagoon_a, serial_bayou_shore_b,
          hangedman_decor_riveting, tso_metal_star
D:4:      layout_rooms, serial_shops, shop, serial_forest,
          infiniplex_forest_clump_diagonal, infiniplex_forest_end_1,
          infiniplex_forest_straight_2, infiniplex_forest_clump_cross,
          infiniplex_forest_split, infiniplex_forest_clump_long
D:5:      layout_basic, serial_shops, nicolae_shop_crystal,
          nicolae_shop_waterfront, shop, shop, first_ration, grunt_ministairs_3,
          moated_statue, grunt_decor_arrowhead, minmay_manual_macuahuitl,
          uniq_crazy_yiuf_cottage, uniq_ijyb

Skill      XL: |  1 |
---------------+----+-----
Stealth        | 5 |  5.6
Short Blades   | |  1.1
Dodging        | |  3.0
Spellcasting   | |  2.6
Hexes          | |  3.6

Action                   || total
-------------------------++-------
Melee: Dagger            ||    25
 Cast: Corona            ||     2
  Use: Scroll            ||     4
 Stab: Sleeping          ||     3
Armor: Robe              ||    30
Dodge: Dodged            ||   168
